 Dungeon Crawl Stone Soup version 0.27-a0-249-g74f53ef629 (webtiles) character file.

Game seed: 10967688924547801480

433319 tabtabtabtab the Severer (level 25, -52/190 (193) HPs)
             Began as a Formicid Fighter on Jan 28, 2021.
             Was the Champion of Elyvilon.
             Killed from afar by an ancient lich (75 damage)
             ... with a crystal spear
             ... on level 5 of the Vaults on Feb 4, 2021.
             The game lasted 02:06:04 (60323 turns).

tabtabtabtab the Severer (Formicid Fighter)        Turns: 60323, Time: 02:06:05

HP:   -52/190 (193) AC: 42    Str: 35    XL:     25   Next: 12%
MP:   0/36          EV:  9    Int: 10    God:    Elyvilon [******]
Gold: 5062          SH: 21    Dex:  8    Spells: 34/37 levels left

rFire    . . .     SeeInvis +   b - +2 triple crossbow (flame)
rCold    + . .     Faith    .   P - +0 tower shield {AC+3}
rNeg     . . .     Spirit   +   x - +12 plate armour "Vuerougo" {Stlth+}
rPois    +         Reflect  .   (helmet unavailable)
rElec    +         Harm     .   t - scarf {+Inv}
rCorr    .         Rampage  .   G - +2 pair of gloves {archery}
Will     ++++.                  s - +2 pair of boots
Stlth    ..........             e - amulet of the Ancients {Spirit rC+ Will++ Slay+2}
HPRegen  0.41/turn              D - ring of Hukleno {rPois AC+4 SInv}
MPRegen  0.25/turn              M - ring "Xevvur" {+Fly rElec Str+4 Dex-2 Slay+2}

@: constricted, lightly drained
A: permanent stasis, dig shafts and tunnels, four strong arms, antennae 3
}: 2/15 runes: decaying, gossamer
a: Dig, Shaft Self, Renounce Religion, Evoke Invisibility, Evoke Flight, Lesser
Healing, Heal Other, Purification, Greater Healing, Divine Vigour, Divine
Protection


You were on level 5 of the Vaults.
You worshipped Elyvilon.
Elyvilon was exalted by your worship.
You visited 7 branches of the dungeon, and saw 39 of its levels.
You also visited: Gauntlet.

You collected 5910 gold pieces.
You spent 848 gold pieces at shops.

Inventory:

Hand Weapons
 a - a +6 battleaxe of flaming
 b - a +2 triple crossbow of flaming (weapon)
 C - the +8 executioner's axe of Vomail {vorpal, *Drain rElec rPois rN+++}
   (You acquired it on level 3 of the Spider Nest)

   It inflicts extra damage upon your enemies.
   It insulates you from electricity.
   It protects you from poison.
   It renders you almost immune to negative energy.
   It causes draining when unequipped.
Missiles
 f - 3 throwing nets
 L - 1222 bolts (quivered ammo)
Armour
 j - a scarf of shadows
 s - a +2 pair of boots (worn)
 t - a scarf of invisibility (worn)
 x - the +12 plate armour "Vuerougo" (worn) {Stlth+}
   (You found it on level 6 of the Dungeon)

   It makes you more stealthy.
 G - a +2 pair of gloves of archery (worn)
 P - a +0 tower shield of protection (worn)
Jewellery
 e - the amulet of the Ancients (around neck) {Spirit rC+ Will++ Slay+2}
   (You found it in a Gauntlet)

   [amulet of guardian spirit]

   It causes incoming damage to be split between your health and magic.
   It affects your accuracy and damage with ranged weapons and melee attacks
   (+2).
   It protects you from cold.
   It affects your willpower, your defense against some magical effects.
 i - an uncursed ring of resist corrosion
 w - a +4 ring of slaying
 D - the ring of Hukleno (left hand) {rPois AC+4 SInv}
   (You found it on level 6 of the Dungeon)

   [ring of protection]

   It affects your AC (+4).
   It protects you from poison.
   It lets you see invisible.
 H - an uncursed amulet of magic regeneration
 I - an uncursed ring of protection from fire
 M - the ring "Xevvur" (right hand) {+Fly rElec Str+4 Dex-2 Slay+2}
   (You found it on level 3 of the Elven Halls)

   [ring of flight]

   It affects your strength (+4).
   It affects your dexterity (-2).
   It affects your accuracy and damage with ranged weapons and melee attacks
   (+2).
   It insulates you from electricity.
   It lets you fly.
 O - an uncursed amulet of reflection
 Q - an uncursed ring of ice
 R - the ring "Lysmy" {rPois rN+ Will+ MP+9 Int-5}
   (You took it off a minotaur in a Gauntlet)

   [ring of magical power]

   It affects your intelligence (-5).
   It protects you from poison.
   It protects you from negative energy.
   It affects your willpower, your defense against some magical effects.
   It affects your magic capacity (+9).
Wands
 l - a wand of digging (13)
 u - a wand of flame (95)
 y - a wand of acid (27)
 F - a wand of iceblast (69)
 Y - a wand of mindburst (71)
Scrolls
 c - 7 scrolls of identify
 d - 9 scrolls of magic mapping
 g - 21 scrolls of remove curse
 h - 10 scrolls of enchant armour
 m - 4 scrolls of fear
 o - 4 scrolls of enchant weapon
 A - 9 scrolls of immolation
 B - 5 scrolls of fog
 K - 2 scrolls of vulnerability
 N - a scroll of silence
 T - a scroll of summoning
 X - a scroll of holy word
Potions
 n - 6 potions of lignification
 p - 5 potions of flight
 q - 2 potions of heal wounds
 r - 10 potions of curing
 v - 5 potions of brilliance
 z - 4 potions of mutation
 E - 4 potions of ambrosia
 J - a potion of magic
 S - a potion of might
 V - 3 potions of cancellation
 Z - a potion of resistance
Miscellaneous
 k - a lightning rod (4/4)
 U - a phial of floods (inert)
 W - a phantom mirror


   Skills:
 - Level 14.9 Fighting
 - Level 19.5 Axes
 - Level 19.5 Crossbows
 - Level 13.2 Armour
 - Level 11.7 Dodging
 + Level 13.1 Shields
 - Level 6.5 Spellcasting
 - Level 11.1 Hexes
 - Level 11.6 Translocations
 - Level 18.8 Invocations
 - Level 5.4 Evocations


You had 34 spell levels left.
You knew the following spells:

 Your Spells              Type           Power        Failure   Level
a - Portal Projectile     Hex/Tloc       52%          3%          3

Your spell library contained the following spells:

 Spells                   Type           Power        Failure   Level
 Corona                   Hex            27%          1%          1
 Slow                     Hex            25%          2%          2
 Gell's Gravitas          Tloc           13%          3%          3
 Lesser Beckoning         Tloc           13%          3%          3
 Teleport Other           Tloc           26%          3%          3
 Confusing Touch          Hex            25%          4%          3
 Passage of Golubria      Tloc           N/A          12%         4
 Cause Fear               Hex            12%          14%         4
 Ensorcelled Hibernation  Hex/Ice        28%          22%         2
 Dazzling Flash           Conj/Hex       28%          38%         3
 Inner Flame              Hex/Fire       14%          38%         3
 Iskenderun's Mystic Bla  Conj/Tloc      14%          77%         4
 Animate Skeleton         Necr           6%           80%         1
 Beastly Appendage        Tmut           6%           80%         1
 Foxfire                  Conj/Fire      12%          80%         1
 Freeze                   Ice            12%          80%         1
 Magic Dart               Conj           12%          80%         1
 Pain                     Necr           12%          80%         1
 Sandblast                Erth           6%           80%         1
 Sting                    Tmut/Pois      12%          80%         1
 Fulminant Prism          Conj/Hex       7%           80%         4
 Leda's Liquefaction      Hex/Erth       7%           80%         4
 Passwall                 Tmut/Erth      2%           91%         2
 Poisonous Vapours        Pois/Air       6%           91%         2
 Searing Ray              Conj           6%           91%         2
 Wereblood                Tmut           3%           91%         2
 Metabolic Englaciation   Hex/Ice        7%           98%         5
 Yara's Violent Unravell  Hex/Tmut       7%           98%         5
 Conjure Flame            Conj/Fire      3%           99%         3
 Frozen Ramparts          Ice            6%           99%         3
 Ignite Poison            Fire/Tmut/Pois 3%           99%         3
 Mephitic Cloud           Conj/Pois/Air  3%           99%         3
 Ozocubu's Armour         Ice            3%           99%         3
 Spider Form              Tmut/Pois      1%           99%         3
 Stone Arrow              Conj/Erth      6%           99%         3
 Vampiric Draining        Necr           1%           99%         3
 Animate Dead             Necr           1%           100%        4
 Hailstorm                Conj/Ice       3%           100%        4
 Ice Form                 Ice/Tmut       3%           100%        4
 Olgreb's Toxic Radiance  Pois           3%           100%        4
 Petrify                  Tmut/Erth      3%           100%        4
 Sticky Flame             Conj/Fire      3%           100%        4
 Summon Ice Beast         Ice/Summ       3%           100%        4
 Agony                    Necr           3%           100%        5
 Blade Hands              Tmut           1%           100%        5
 Bolt of Magma            Conj/Fire/Erth 1%           100%        5
 Fireball                 Conj/Fire      1%           100%        5
 Irradiate                Conj/Tmut      1%           100%        5
 Iskenderun's Battlesphe  Conj           3%           100%        5
 Lee's Rapid Deconstruct  Erth           1%           100%        5
 Conjure Ball Lightning   Conj/Air       1%           100%        6
 Freezing Cloud           Conj/Ice/Air   1%           100%        6
 Hydra Form               Tmut           1%           100%        6
 Iron Shot                Conj/Erth      1%           100%        6
 Statue Form              Tmut/Erth      2%           100%        6
 Dragon Form              Tmut           1%           100%        7
 Malign Gateway           Summ/Tloc      7%           100%        7
 Orb of Destruction       Conj           1%           100%        7
 Spellforged Servitor     Conj/Summ      1%           100%        7
 Blink                    Tloc           Unusable     N/A         2

Dungeon Overview and Level Annotations

Branches:
Dungeon (15/15)            Temple (0/1) D:4            Lair (6/6) D:8
  Swamp (4/4) Lair:3       Spider (4/4) Lair:2        Slime (0/5) Lair:5
    Orc (2/2) D:11            Elf (3/3) Orc:2        Vaults (5/5) D:13
  Crypt (0/3) Vaults:2     Depths (0/5) D:15        Gauntlet (visited)

Altars:
Ashenzari
Elyvilon
Gozag
Hepliaklqana
Kikubaaqudgha
Makhleb
Nemelex Xobeh
Okawaru
Sif Muna
Trog
Vehumet
Yredelemnul
Zin
The Shining One
Jiyva

Shops:
D:8 *   D:15 }!*   Orc:2 *[*   Vaults:4 !

Portals:
Pandemonium: Orc:2
Trove: Elf:3 (give +4 fire dragon scales)

Annotations:
D:12 exclusion: door
Lair:2 exclusion: 3 oklob plants
Lair:5 1 runed translucent door
Elf:3 2 transporters, Jyejeiptew's ghost, adept HOMo


Innate Abilities, Weirdness & Mutations

You cannot be hasted, slowed, berserked, paralysed or teleported.
You can dig through walls and to a lower floor.
Your four strong arms can wield two-handed weapons with a shield.
You have a pair of large antennae on your head. (SInv)


Message History

The tentacled monstrosity tentacle-slaps you but does no damage. x3
The tentacled monstrosity constricts you!
You block the shadow dragon's attack.
The shadow dragon claws you but does no damage.
The shadow dragon claws you!
The vault warden hits you but does no damage.
The red ugly thing basks in the mutagenic energy from its kin and changes!
The phantasmal warrior blinks!
The fire giant hits you with a +0 great sword of flaming!!
* * * LOW HITPOINT WARNING * * *
The fire giant burns you.
* * * LOW HITPOINT WARNING * * *
The vault guard hits you but does no damage.
The vault sentinel blows a loud note on a signal horn!
The vault warden hits you from afar with a +1 vampiric glaive!
* * * LOW HITPOINT WARNING * * *
The white very ugly thing engulfs you but does no damage.
The ancient lich points at you and mumbles some strange words.
The crystal spear hits you!!!!
You die...

........#
...#....#{{
........####
....§......
#..CCcOOW.#####
....uuOOpO.....
....ppCpXO.....
...§OpL@DeW....
....ppCuDC≈....
##..Cpcccp#####
...D.cGpG...
...#..pW#....
.. #.c..##..##
. #....# )##
#....# .#


You could see 3 shadow dragons, a tentacled monstrosity, an ancient lich (fast,
empowered, invisible), 2 very ugly things, 2 fire giants, 2 stone giants, 3
vault wardens, 4 vault guards, a great orb of eyes (strong), a white ugly thing,
2 ettins, a glowing orange brain, 6 two-headed ogres, 3 vault sentinels, a deep
elf high priest (waterlogged), 3 phantasmal warriors, an ironbrand convoker
(empowered), 6 yaktaurs and an ogre.

Vanquished Creatures
  Sojobo (Vaults:4)
  Boris (twice) (Vaults:4)
  A golden dragon (Vaults:4)
  Arachne (Spider:3)
  2 deep elf blademasters (Elf:3)
  4 deep elf master archers (Elf:3)
  A titan (Vaults:4)
  5 sphinxes
  An azure jelly (Swamp:4)
  Donald (Swamp:3)
  Roxanne (Swamp:2)
  2 tengu reavers (Vaults:4)
  3 fenstrider witches
  A frost giant (Vaults:2)
  An orc warlord (Orc:1)
  7 deep elf sorcerers
  Louise (D:15)
  2 deep elf elementalists
  4 ghost moths
  12 vault wardens
  8 emperor scorpions
  A war gargoyle (Vaults:5)
  3 stone giants
  11 ironheart preservers
  6 deep elf demonologists
  Nessos (D:14)
  3 bunyips
  6 entropy weavers
  Azrael (D:14)
  9 deep elf annihilators
  2 spark wasps
  A minotaur (Gauntlet)
  2 eleionomae
  8 deep elf death magi
  A crystal guardian (Vaults:4)
  2 ettins (Vaults:4)
  Snorg (Lair:3)
  9 deep elf high priests (Elf:3)
  2 fire dragons (Vaults:1)
  10 yaktaur captains
  10 boulder beetles
  Erolcha (D:11)
  11 hydras
  A shambling mangrove (Swamp:2)
  31 vault guards
  Fannar (D:11)
  6 ghost crabs
  4 ice dragons
  3 rakshasas
  A death knight (Vaults:3)
  5 centaur warriors
  9 alligators
  Erica (D:9)
  A catoblepas (Lair:5)
  13 ogre magi
  10 death yaks (Lair:6)
  48 two-headed ogres
  A queen ant (Spider:2)
  7 orc high priests
  30 dancing weapons
  A tengu warrior (D:14)
  Urug (Lair:4)
  25 deep elf knights
  The ghost of mojowtm the Unseen, a journeyman SpHu of Dithmenos (D:11)
  An infernal demonspawn (Orc:2)
  3 skeletal warriors (D:15)
  An unseen horror (shapeshifter) (Elf:1)
  A storm dragon skeleton (Vaults:1)
  4 goliath frogs
  5 deep trolls
  2 gelid demonspawn (Orc:2)
  2 spriggan druids (Swamp:4)
  20 deep elf archers
  5 bog bodies
  A harpy (shapeshifter) (Vaults:4)
  28 deep elf zephyrmancers
  2 phantasmal warriors
  3 wizards
  An orange crystal statue (Elf:3)
  11 ironbrand convokers
  5 swamp dragons
  12 orb spiders
  3 necromancers
  22 orc knights
  A sphinx zombie (Vaults:1)
  A sphinx skeleton (Vaults:3)
  28 ugly things
  12 orc sorcerers
  2 moths of wrath
  9 will-o-the-wisps
  33 wolf spiders
  33 deep elf pyromancers
  A fire giant zombie (Vaults:1)
  2 manticores
  4 elephants (Lair:6)
  11 cyclopes
  3 black mambas
  4 torpor snails
  4 centaur skeletons
  A yaktaur zombie (Vaults:1)
  A gargoyle (D:14)
  10 vault sentinels
  A storm dragon simulacrum (Vaults:2)
  13 cane toads
  2 kobold demonologists
  35 yaktaurs
  A rime drake (shapeshifter) (Elf:3)
  12 komodo dragons
  A rime drake (Lair:5)
  A redback zombie (D:14)
  16 demonic crawlers
  12 freezing wraiths
  3 ice devils
  A hellwing (Orc:2)
  A tengu conjurer (D:15)
  9 trolls
  34 jumping spiders
  A polar bear (shapeshifter) (Vaults:1)
  9 polar bears
  A tengu simulacrum (Vaults:1)
  15 hornets
  7 tyrant leeches
  3 meliai (D:15)
  A wind drake (shapeshifter) (Elf:2)
  A blink frog (shapeshifter) (Vaults:1)
  5 dream sheep
  18 blink frogs
  18 slime creatures
  Grinder (D:3)
  54 redbacks
  3 air elementals
  21 tarantellas
  19 spriggans
  3 shadows
  2 spriggans (shapeshifter)
  A tarantella (shapeshifter) (Vaults:3)
  4 wraiths
  5 wyverns
  5 large abominations (Elf:3)
  A hog (shapeshifter) (Elf:3)
  29 yaks
  A human (shapeshifter) (D:13)
  Eustachio (D:6)
  4 water elementals
  8 basilisks
  10 humans (D:13)
  7 fire elementals
  2 golden eyes (shapeshifter)
  A swamp worm simulacrum (Swamp:4)
  A steam dragon (D:11)
  16 swamp worms
  Menkaure (D:5)
  9 wargs
  3 acid dragons
  6 vampire mosquitoes (Swamp:4)
  9 water moccasins
  A soldier ant (shapeshifter) (Vaults:3)
  9 soldier ants
  15 hydra simulacra (Swamp:4)
  7 small abominations (Elf:3)
  Duvessa (D:5)
  2 hell hounds (D:14)
  A floating eye (Lair:2)
  50 orc warriors
  4 black bears
  An eye of draining (D:13)
  5 sky beasts
  5 ice beasts
  A hornet zombie (D:10)
  3 human zombies
  3 phantoms
  9 centaurs
  36 ogres
  12 boggarts
  28 wolves
  An orc skeleton (Vaults:1)
  8 big kobolds
  19 bullfrogs
  2 human skeletons (Vaults:3)
  4 gnoll sergeants (D:11)
  Dowan (D:5)
  4 earth elementals
  5 scorpions
  3 human simulacra
  14 killer bees
  4 wights (D:10)
  An electric eel (Spider:2)
  A howler monkey (D:4)
  4 jellies
  5 centaur zombies
  A lava snake (D:13)
  A crimson imp (Spider:4)
  5 bullfrog zombies
  A quasit (D:5)
  6 hounds
  37 orc priests
  27 orc wizards
  4 iguanas
  Ijyb (D:5)
  22 worker ants
  A killer bee zombie (D:8)
  A hound zombie (D:10)
  2 hound skeletons
  A worker ant zombie (D:6)
  15 adders
  12 gnolls
  2 howler monkey skeletons
  9 river rats
  7 swamp drake simulacra (Swamp:4)
  An ufetubus (D:6)
  2 oozes
  An adder skeleton (D:6)
  3 adder zombies
  2 worms (D:3)
  3 dart slugs
  9 leopard geckos
  115 orcs
  2 ball pythons
  8 giant cockroaches
  10 goblins
  11 hobgoblins
  20 jackals
  30 kobolds
  6 quokkas
  7 bats
  5 frilled lizards
  A leopard gecko zombie (D:5)
  26 rats
1788 creatures vanquished.

Vanquished Creatures (others)
  A deep elf knight (Elf:2)
  A deep elf zephyrmancer (Elf:2)
  A centaur skeleton (D:14)
  A tyrant leech (Swamp:4)
  A human (D:13)
  2 swamp worms (Swamp:4)
  A boggart (Vaults:2)
  24 foxfires
  19 fungi
  34 plants
  4 toadstools (D:1)
  A withered plant (Gauntlet)
90 creatures vanquished.

Grand Total: 1878 creatures vanquished

Notes
Turn   | Place    | Note
-------+----------+-------------------------------------------
     0 | D:1      | tabtabtabtab the Formicid Fighter began the quest for the
                  | Orb.
     0 | D:1      | Reached XP level 1. HP: 18/18 MP: 1/1
   204 | D:1      | Reached XP level 2. HP: 23/24 MP: 2/2
   382 | D:1      | Reached XP level 3. HP: 19/29 MP: 3/3
   544 | D:1      | Reached skill level 1 in Dodging
  1105 | D:2      | Reached XP level 4. HP: 35/35 MP: 4/4
  1251 | D:2      | Found a white marble altar of Elyvilon.
  1672 | D:2      | Found a radiant altar of Vehumet.
  1776 | D:2      | Became a worshipper of Elyvilon the Healer
  2124 | D:3      | Found an opulent altar of Gozag.
  2490 | D:3      | Reached skill level 1 in Invocations
  2490 | D:3      | Reached XP level 5. HP: 24/41 MP: 5/5
  3167 | D:3      | Reached * piety under Elyvilon
  3330 | D:3      | Noticed Grinder
  3339 | D:3      | You fall into a shaft and drop 3 floors!
  3352 | D:5      | Entered Level 5 of the Dungeon
  3602 | D:5      | Noticed a centaur
  3620 | D:5      | Killed a centaur
  3621 | D:5      | Reached XP level 6. HP: 41/47 MP: 6/8
  3674 | D:6      | Got a transparent plate armour
  3704 | D:5      | Identified the +12 plate armour "Vuerougo" {Stlth+} (You
                  | found it on level 6 of the Dungeon)
  4005 | D:3      | Killed Grinder
  4006 | D:3      | Reached skill level 5 in Axes
  4006 | D:3      | Reached skill level 5 in Shields
  4006 | D:3      | Reached XP level 7. HP: 18/52 MP: 8/10
  4550 | D:4      | Reached ** piety under Elyvilon
  4827 | D:4      | Reached XP level 8. HP: 58/58 MP: 11/11
  4932 | D:4      | Reached skill level 5 in Invocations
  5064 | D:4      | Found a staircase to the Ecumenical Temple.
  5689 | D:5      | Noticed Menkaure
  5702 | D:5      | Killed Menkaure
  6022 | D:5      | Noticed Duvessa
  6023 | D:5      | Noticed Dowan
  6040 | D:5      | Killed Duvessa
  6053 | D:5      | Killed Dowan
  6054 | D:5      | Reached XP level 9. HP: 61/64 MP: 13/13
  6239 | D:5      | Noticed Ijyb
  6265 | D:5      | Killed Ijyb
  6670 | D:6      | Found a broken altar of Ashenzari.
  6698 | D:6      | You fall into a shaft and drop 2 floors!
  6701 | D:8      | You fall into a shaft and drop 1 floor!
  7180 | D:7      | Found a bloodstained altar of Trog.
  7375 | D:6      | Reached *** piety under Elyvilon
  7403 | D:6      | Got a smoking amber ring
  7404 | D:6      | Identified the ring of Hukleno {rPois AC+4 SInv} (You found
                  | it on level 6 of the Dungeon)
  7428 | D:6      | Noticed Eustachio
  7486 | D:6      | Killed Eustachio
  7989 | D:6      | Reached XP level 10. HP: 65/73 MP: 16/16
  8253 | D:6      | Found a basalt altar of Yredelemnul.
  8489 | D:7      | Reached skill level 5 in Fighting
  9035 | D:8      | Noticed a two-headed ogre
  9051 | D:8      | Killed a two-headed ogre
  9248 | D:8      | Noticed a komodo dragon
  9259 | D:8      | You fall into a shaft and drop 3 floors!
  9259 | D:11     | Noticed a cyclops
  9262 | D:11     | You fall into a shaft and drop 2 floors!
  9543 | D:13     | Noticed a cyclops
  9549 | D:13     | Killed a cyclops
  9764 | D:13     | Reached **** piety under Elyvilon
  9770 | D:13     | Noticed a rakshasa
  9809 | D:13     | Killed a rakshasa
  9810 | D:13     | Reached skill level 10 in Invocations
  9853 | D:13     | Noticed a deep elf mage
  9866 | D:13     | Killed a deep elf mage
  9867 | D:13     | Reached XP level 11. HP: 67/84 MP: 18/18
 10267 | D:13     | Noticed a cyclops
 10279 | D:13     | Killed a cyclops
 10313 | D:13     | Reached skill level 10 in Axes
 10390 | D:13     | Noticed a white ugly thing
 10405 | D:13     | Killed a white ugly thing
 10512 | D:13     | Noticed a centaur warrior
 10522 | D:13     | Killed a centaur warrior
 10933 | D:11     | Noticed Erolcha
 10933 | D:11     | Noticed a boulder beetle
 10956 | D:12     | Killed a cyclops
 11113 | D:12     | Reached skill level 1 in Crossbows
 11160 | D:11     | Found a large runed translucent door.
 11160 | D:11     | Found a large runed translucent door.
 11165 | D:10     | Entered Level 10 of the Dungeon
 11305 | D:9      | Found a glowing golden altar of the Shining One.
 11312 | D:9      | Found a sparkling altar of Nemelex Xobeh.
 11312 | D:9      | Found a shimmering blue altar of Sif Muna.
 11312 | D:9      | Found a glowing silver altar of Zin.
 11314 | D:9      | Found a hazy altar of Hepliaklqana.
 11315 | D:9      | Found a burning altar of Makhleb.
 11316 | D:9      | Found an iron altar of Okawaru.
 11354 | D:9      | Reached ***** piety under Elyvilon
 11555 | D:8      | Found Gyckat's Assorted Antiques.
 11560 | D:8      | Bought a pair of gloves for 76 gold pieces
 11796 | D:8      | Reached XP level 12. HP: 57/96 MP: 21/21
 12207 | D:8      | Found a staircase to the Lair.
 12429 | D:9      | Reached skill level 10 in Fighting
 12487 | D:9      | Noticed Erica
 12495 | D:9      | Killed Erica
 12970 | D:7      | Got a warped hand axe
 12971 | D:7      | Identified the cursed +2 hand axe of Zoduah {holy, Int+6}
                  | (You found it on level 7 of the Dungeon)
 13849 | Lair:1   | Entered Level 1 of the Lair of Beasts
 15438 | Lair:2   | Reached XP level 13. HP: 76/106 MP: 23/23
 15457 | Lair:2   | Found a gate leading to a gauntlet.
 15466 | Gauntlet | Entered a Gauntlet
 15467 | Gauntlet | Noticed a death ooze
 15554 | Gauntlet | Found a transporter.
 15563 | Gauntlet | Found a transporter.
 15564 | Gauntlet | Noticed a ghost crab
 15566 | Gauntlet | Found a transporter.
 15576 | Gauntlet | Found a transporter.
 15577 | Gauntlet | Reached ****** piety under Elyvilon
 15584 | Gauntlet | Found a transporter.
 15602 | Gauntlet | Found a transporter.
 15605 | Gauntlet | Found a transporter.
 15616 | Gauntlet | Found a transporter.
 15619 | Gauntlet | Found a transporter.
 15629 | Gauntlet | Found a transporter.
 15649 | Gauntlet | Found a transporter.
 15664 | Gauntlet | Found a transporter.
 15780 | Gauntlet | Got a coiled diamond amulet
 15792 | Gauntlet | Killed a ghost crab
 16116 | Gauntlet | Identified the amulet of the Ancients {Spirit rC+ Will++
                  | Slay+2} (You found it in a Gauntlet)
 16124 | Gauntlet | Identified the ring "Lysmy" {rPois rN+ Will+ MP+9 Int-5}
 16124 | Gauntlet | Noticed a minotaur
 16130 | Gauntlet | Killed a minotaur
 16415 | Lair:2   | You fall into a shaft and drop 2 floors!
 16713 | Lair:2   | Reached skill level 5 in Crossbows
 16746 | Lair:2   | Noticed a four-headed hydra
 16753 | Lair:2   | Killed a one-headed hydra
 17499 | Lair:2   | Found a hole to the Spider Nest.
 18027 | Lair:3   | Noticed a six-headed hydra
 18039 | Lair:3   | Killed a one-headed hydra
 18040 | Lair:3   | Reached skill level 1 in Evocations
 18048 | Lair:3   | Noticed Snorg
 18067 | Lair:3   | Killed Snorg
 18348 | Lair:3   | Found a staircase to the Swamp.
 18362 | Lair:3   | Found the +4 Cigotuvi's embrace {rMiasma *Drain rN+}
 18633 | Lair:4   | Noticed an eight-headed hydra
 18652 | Lair:4   | Killed a two-headed hydra
 18718 | Lair:4   | Noticed Urug
 18743 | Lair:4   | Killed Urug
 19024 | Lair:4   | Reached skill level 15 in Invocations
 19024 | Lair:4   | Reached XP level 14. HP: 103/116 MP: 21/25
 19984 | Lair:5   | Found a runed translucent door.
 19985 | Lair:5   | Found a viscous altar of Jiyva.
 19987 | Lair:5   | Found a staircase to the Slime Pits.
 20575 | Lair:6   | Entered Level 6 of the Lair of Beasts
 21433 | Lair:6   | Reached skill level 5 in Evocations
 22049 | Lair:6   | Reached XP level 15. HP: 97/126 MP: 22/27
 22849 | D:11     | Noticed mojowtm's ghost (journeyman SpHu)
 22955 | D:11     | Killed Erolcha
 22983 | D:11     | Noticed Fannar
 22998 | D:11     | Killed Fannar
 23654 | D:11     | Found a staircase to the Orcish Mines.
 23934 | D:11     | Killed mojowtm's ghost
 23997 | Orc:1    | Entered Level 1 of the Orcish Mines
 24734 | Orc:2    | Entered Level 2 of the Orcish Mines
 24904 | Orc:2    | Reached skill level 15 in Axes
 25345 | Orc:1    | Reached skill level 5 in Armour
 25790 | Orc:1    | Noticed an orc warlord
 25816 | Orc:1    | Killed an orc warlord
 26275 | Orc:2    | Found Faczebux's General Store.
 26277 | Orc:2    | Found Yroti's General Store.
 26540 | Orc:2    | Bought a potion of heal wounds for 75 gold pieces
 26542 | Orc:2    | Bought a scroll of fear for 45 gold pieces
 26542 | Orc:2    | Bought a scroll of fear for 45 gold pieces
 26917 | Orc:2    | Reached XP level 16. HP: 134/134 MP: 28/28
 27250 | Orc:2    | Found Cinimueguff's Book Boutique.
 27250 | Orc:2    | Found Orued's Antique Armour Shop.
 27250 | Orc:2    | Found a one-way gate leading to the halls of Pandemonium.
 27254 | Orc:2    | Bought a blackened cloak for 304 gold pieces
 27270 | Orc:2    | Identified the cursed -5 cloak of Sif Muna's Approval {rN+}
                  | (You bought it in a shop on level 2 of the Orcish Mines)
 27537 | Orc:2    | Found a staircase to the Elven Halls.
 28899 | D:13     | You fall into a shaft and drop 2 floors!
 28899 | D:15     | Entered Level 15 of the Dungeon
 29157 | D:14     | Reached skill level 5 in Dodging
 29324 | D:14     | Noticed Nessos
 29342 | D:14     | Noticed Azrael
 29388 | D:14     | Killed Azrael
 29422 | D:14     | Killed Nessos
 29976 | D:13     | Found a gate to the Vaults.
 30984 | D:14     | You fall into a shaft and drop 1 floor!
 31396 | D:14     | Reached XP level 17. HP: 140/140 MP: 30/30
 31501 | D:15     | Found Wilanar's General Store.
 31546 | D:15     | Found Zes Hed's Distillery.
 31549 | D:15     | Bought a potion of heal wounds for 80 gold pieces
 31549 | D:15     | Bought 2 potions of might for 128 gold pieces
 31857 | D:15     | Noticed Louise
 31874 | D:15     | Killed Louise
 32202 | D:15     | Found Myden's Gadget Shop.
 32541 | D:15     | Found a glowing golden altar of the Shining One.
 32588 | D:15     | Found a staircase to the Depths.
 32680 | D:15     | Upgraded the game from 0.27-a0-170-g607d9e9d85 to
                  | 0.27-a0-249-g74f53ef629
 32936 | Spider:1 | Entered Level 1 of the Spider Nest
 35131 | Spider:2 | Reached skill level 10 in Crossbows
 36140 | Spider:2 | Reached XP level 18. HP: 148/148 MP: 31/31
 37118 | Spider:3 | Identified 2 scrolls of acquirement
 37119 | Spider:3 | Acquired a +6 battleaxe of flaming
 37120 | Spider:3 | Acquired a +2 triple crossbow of freezing
 38477 | Spider:3 | Acquired the +8 executioner's axe of Vomail {vorpal, *Drain
                  | rElec rPois rN+++}
 38498 | Spider:4 | Entered Level 4 of the Spider Nest
 38731 | Spider:4 | Noticed Arachne
 38752 | Spider:3 | Killed Arachne
 38954 | Spider:4 | Acquired a manual of Crossbows
 39278 | Spider:4 | Reached XP level 19. HP: 154/154 MP: 32/32
 40163 | Spider:3 | Reached skill level 15 in Crossbows
 40576 | Spider:4 | Got a gossamer rune of Zot
 40727 | Swamp:1  | Entered Level 1 of the Swamp
 41038 | Swamp:1  | Reached XP level 20. HP: 161/161 MP: 33/33
 42212 | Swamp:2  | Noticed Roxanne
 42487 | Swamp:2  | Killed Roxanne
 43177 | Swamp:3  | Noticed Donald
 43192 | Swamp:3  | Killed Donald
 43343 | Swamp:4  | Entered Level 4 of the Swamp
 45483 | Swamp:4  | Got a decaying rune of Zot
 45829 | Vaults:1 | Entered Level 1 of the Vaults
 46203 | Vaults:1 | Reached XP level 21. HP: 132/167 MP: 28/34
 46824 | Vaults:1 | Acquired 1019 gold pieces
 47358 | Vaults:1 | Reached skill level 10 in Armour
 49001 | Vaults:2 | Found a staircase to the Crypt.
 49001 | Vaults:2 | Found a basalt altar of Yredelemnul.
 49002 | Vaults:2 | Found an ancient bone altar of Kikubaaqudgha.
 49310 | Vaults:2 | Reached XP level 22. HP: 174/174 MP: 35/35
 51354 | Vaults:4 | Found Okliumnu's Distillery.
 51362 | Vaults:4 | Bought a potion of heal wounds for 95 gold pieces
 51574 | Vaults:4 | Noticed Sojobo
 51577 | Vaults:4 | Reached skill level 10 in Dodging
 51613 | Vaults:4 | Killed Sojobo
 52254 | Vaults:4 | Reached XP level 23. HP: 180/180 MP: 36/36
 52367 | Vaults:4 | Noticed Boris
 52377 | Vaults:4 | Killed Boris
 53160 | Elf:1    | Entered Level 1 of the Elven Halls
 53200 | Elf:1    | Learned a level 3 spell: Portal Projectile
 53232 | Elf:1    | Reached skill level 1 in Translocations
 53237 | Elf:1    | Reached skill level 1 in Hexes
 53539 | Elf:1    | Reached skill level 1 in Spellcasting
 54664 | Elf:1    | Identified Bireit's Catalogue of Creative Battle Magic
 54874 | Elf:2    | Reached skill level 5 in Translocations
 55046 | Elf:2    | Reached skill level 5 in Hexes
 55805 | Elf:2    | Found a huge runed translucent gate.
 55805 | Elf:2    | Found a huge runed translucent gate.
 55805 | Elf:2    | Found a huge runed translucent gate.
 55805 | Elf:2    | Found a huge runed translucent gate.
 55805 | Elf:2    | Found a huge runed translucent gate.
 56440 | Elf:3    | Entered Level 3 of the Elven Halls
 56622 | Elf:3    | Reached XP level 24. HP: 155/187 MP: 29/36
 56975 | Elf:3    | Reached skill level 5 in Spellcasting
 57072 | Elf:3    | Reached skill level 10 in Translocations
 57275 | Elf:3    | Found a portal to a secret trove of treasure.
 57329 | Elf:3    | Found a transporter.
 57335 | Elf:3    | Noticed Jyejeiptew's ghost (adept HOMo)
 57366 | Elf:3    | Found a transporter.
 57517 | Elf:3    | Identified the +6 great mace of Radicalism {pain, rElec}
 57517 | Elf:3    | Identified the +0 robe of Noughts and Crosses {*Corrode
                  | rF++ Str+3 SInv}
 57535 | Elf:3    | Identified the ring of Music {rPois Int+7}
 57605 | Elf:3    | Reached skill level 10 in Hexes
 57909 | Elf:3    | Identified the +7 war axe of Moderation {freeze, rF+ Dex+4}
 58267 | Elf:3    | Identified the ring "Xevvur" {+Fly rElec Str+4 Dex-2
                  | Slay+2} (You found it on level 3 of the Elven Halls)
 58586 | Elf:3    | Identified the +1 robe "Qubb" {rN+}
 58862 | Elf:3    | Identified the Guide on Scorching Conjuration
 58864 | Elf:3    | Identified the Papyrus of Glacial Heat
 59286 | Vaults:5 | Entered Level 5 of the Vaults
 59286 | Vaults:5 | Noticed Boris
 59297 | Vaults:4 | Reached skill level 10 in Shields
 59303 | Vaults:4 | Killed Boris
 59668 | Vaults:5 | Noticed a golden dragon
 59971 | Vaults:4 | Reached XP level 25. HP: 151/193 MP: 29/36
 60308 | Vaults:5 | Noticed an ancient lich
 60323 | Vaults:5 | Killed from afar by an ancient lich

Illustrated notes

Levels and vault maps discovered:
D:1:      ldierk_walled_garden_2, layout_basic, serial_glass, glass_columns_b,
          glass_columns_b, kennysheep_small_spiral
D:2:      layout_basic, general_overflow_altar, serial_rivers,
          chequers_serial_rivers_marsh, chequers_serial_rivers_small_b,
          chequers_serial_rivers_room_a, chequers_serial_rivers_micro_e,
          chequers_serial_rivers_room_a, elyvilon_altar_5
D:3:      layout_loops_corners, nicolae_gozag_seed_capital,
          gup_sewer_entry_spiral, minmay_circle_x, uniq_grinder
D:4:      layout_basic, minmay_temple_entry_hall
D:5:      layout_rooms, uniq_ijyb, uniq_menkaure, uniq_duvessa
D:6:      layout_basic, evilmike_ruin_ashenzari, kennysheep_little_box,
          minivault_26, minmay_manual_macuahuitl, uniq_eustachio
D:7:      layout_loops_ring, trog_three_pillars_becter
D:8:      layout_rooms, erik_lair_dragon, serial_shops, shop,
          minmay_misc_feat_pillars, dk_rats_in_the_wall
D:9:      layout_roguey, minitemple, kennysheep_pointless_box, uniq_erica
D:10:     layout_small_grid
D:11:     layout_cave_pools, kennysheep_orc_monster_closet_entryway,
          ebering_ghost_disaster_area, amcnicky_mini_corridor_feature,
          uniq_erolcha, uniq_fannar
D:12:     layout_loops_corners, portal_ice_cave_demonic_guard
D:13:     layout_small_grid, ximxim_vaults_locker_room,
          kennysheep_cluttered_room, minmay_checkerbox
D:14:     layout_rooms, minmay_strange_pillars, serial_bayou_pond_b,
          uniq_nessos, uniq_azrael
D:15:     grunt_enter_depths_snipers, layout_stronghold, tso_altar,
          serial_shops, shop, nicolae_shop_behind_doors, shop_fountains,
          uniq_louise
Lair:1:   layout_chaotic_city, grunt_megastairs_3
Lair:2:   layout_chaotic_city, dummy_spider_entry, gauntlet_entry_generic,
          disabler_island
Lair:3:   layout_roguey, swamp_mist, uniq_snorg
Lair:4:   layout_hall_layers, kilobyte_rumbling_trees, uniq_urug
Lair:5:   layout_regular_city, slime_altar_2, enter_volcano_1,
          amcnicky_mini_pool_medium
Lair:6:   minmay_lair_end_enchanted_forest, layout_gridlike
Swamp:1:  layout_basic_swamp, evilmike_swamp_ruin_house_2, swamp_pool1
Swamp:2:  layout_falls_marsh, nicolae_swamp_stair_fork, swamp_pool2,
          infiniplex_staircase_pool, uniq_roxanne
Swamp:3:  layout_basic_swamp, evilmike_swamp_ruin_rubble_2, swamp_pool1,
          uniq_donald
Swamp:4:  swamp_icy, layout_basic_swamp, swamp_pool2
Spider:1: layout_spider_delve
Spider:2: layout_spider_delve, minmay_another_anthill
Spider:3: layout_spider_delve
Spider:4: grunt_spider_rune_circles, nicolae_spider_webs_and_nodes,
          nicolae_crawler_farm, uniq_arachne
Orc:1:    layout_diamond_mine, guppyfry_orc_lava_fort
Orc:2:    pf_orc_diabolical, layout_diamond_mine
Elf:1:    layout_geoelf_diagonals, minmay_elf_sorcery
Elf:2:    layout_loops_cross, grunt_ministairs_2
Elf:3:    minmay_elf_hall_circle, layout_onion_city, enter_trove_0,
          gammafunk_ghost_berserking_beasts, minivault_16, laboratory
Vaults:1: v_misc_10, nicolae_vaults_c_with_doors, hangedman_vaults_slice,
          vaults_dpeg_doors, hangedman_vaults_slice,
          vaults_room_grunt_arrival_checkpoint,
          nicolae_vaults_mini_display_case, v_misc_18,
          nicolae_vaults_little_squares_5, layout_vaults_ring
Vaults:2: minmay_crypt_entry_necro_gods, v_misc_19,
          nicolae_vaults_disjoint_gnomons, nicolae_vaults_disjoint_gnomons,
          ontoclasm_vaults_gateway, ontoclasm_vaults_loading_screen,
          hangedman_vaults_stitches, nicolae_vaults_an_arrangement,
          ontoclasm_vaults_decontamination, vaults_room_hallway,
          vaults_dpeg_ring, grunt_vaults_hallway_long,
          grunt_vaults_hallway_short, vaults_dpeg_hooks, layout_vaults_omnicross
Vaults:3: nicolae_vaults_inception_network, nicolae_vaults_little_squares_2,
          grunt_vaults_funnel, ontoclasm_vaults_ring_small,
          grunt_vaults_diagonal, vaults_room_boxed, grunt_vaults_hallway_long,
          ontoclasm_vaults_claustrophobia, grunt_vaults_hallway_long,
          nicolae_vaults_little_ls, nicolae_vaults_yaktaur_gun_rack,
          layout_vaults_omnibox, serial_glass
Vaults:4: v_misc_16, v_misc_29, st_lattice, nicolae_vaults_diagonal_hallway_6,
          grunt_vaults_trifunnel, vaults_mumra_chevron, v_misc_4,
          hangedman_vaults_capsules, v_misc_17, nicolae_vaults_network_s,
          vaults_room_fancy_cross, v_misc_15, vaults_room_pools,
          ontoclasm_vaults_twist, layout_vaults_maze, serial_shops, shop,
          uniq_sojobo, uniq_boris
Vaults:5

Skill      XL: |  1  2  3  4  5  6  7  8  9 10 11 12 13 14 15 16 17 18 19 20 21 22 23 24 25 |
---------------+----------------------------------------------------------------------------+-----
Shields        | 4 5 6 7 8 9 12 13 | 13.1
Dodging        | 1 2 3 4 5 9 11 | 11.7
Axes           | 3 4 5 6 7 9 10 12 13 14 15 16 17 18 19 | 19.5
Invocations    | 1 2 4 6 8 10 12 13 15 16 17 18 | 18.8
Fighting       | 4 7 9 11 12 14 | 14.9
Crossbows      | 1 4 5 7 11 14 16 18 19 | 19.5
Evocations     | 2 5 |  5.4
Armour         | 5 6 7 11 13 | 13.2
Translocations | 8 11 | 11.6
Hexes          | 7 11 | 11.1
Spellcasting   | 4 6 |  6.5

Action                   |  1- 3 |  4- 6 |  7- 9 | 10-12 | 13-15 | 16-18 | 19-21 | 22-24 | 25-27 || total
-------------------------+-------+-------+-------+-------+-------+-------+-------+-------+-------++-------
Melee: War axe           |    90 |   240 |   489 |   857 |  1081 |       |       |       |       ||  2757
       Hand axe          |       |       |       |       |    20 |       |       |       |       ||    20
       Battleaxe         |       |       |       |       |   334 |  1130 |   409 |   344 |    12 ||  2229
 Fire: Arbalest          |       |       |       |       |       |    58 |       |       |       ||    58
       Triple crossbow   |       |       |       |       |       |    49 |   471 |   693 |     4 ||  1217
 Cast: Portal Projectile |       |       |       |       |       |       |       |     3 |     1 ||     4
Invok: Lesser Healing    |       |       |     8 |       |       |       |       |       |       ||     8
       Heal Other        |       |       |     2 |       |       |       |       |       |       ||     2
       Greater Healing   |       |       |       |       |     4 |     2 |       |     5 |     4 ||    15
       Divine Protection |       |       |       |       |       |     1 |       |       |       ||     1
       Purification      |       |       |       |       |       |     3 |       |       |       ||     3
 Abil: Shaft Self        |       |     1 |     2 |     2 |       |     1 |       |       |       ||     6
       Dig               |       |       |     4 |     6 |    13 |     6 |     1 |       |       ||    30
Evoke: Wand              |       |     2 |       |     2 |     6 |       |       |       |     2 ||    12
       Phial of floods   |       |       |       |       |       |       |       |       |     1 ||     1
  Use: Scroll            |       |     2 |     6 |    13 |     4 |    14 |     4 |     6 |       ||    49
       Potion            |       |     3 |       |     1 |     2 |     4 |     1 |     2 |     2 ||    15
 Stab: Invisible         |       |       |       |       |     2 |       |       |       |       ||     2
       Distracted        |       |       |       |       |     1 |       |       |       |       ||     1
Armor: Scale mail        |    56 |    71 |       |       |       |       |       |       |       ||   127
       Ring mail         |       |     9 |       |       |       |       |       |       |       ||     9
       Plate armour      |       |    29 |   328 |   429 |   613 |   909 |   397 |   317 |   117 ||  3139
Dodge: Dodged            |    41 |    81 |   140 |   181 |   287 |   414 |   173 |   167 |    38 ||  1522
Block: Kite shield       |    61 |   120 |   309 |   462 |   666 |   255 |       |       |       ||  1873
       Tower shield      |       |       |       |       |       |   866 |   549 |   614 |    84 ||  2113

Table legend: (Time is in decaauts)
 A = Elapsed time spent in this place.
 B = Non-inter-level travel time spent in this place.
 C = Inter-level travel time spent in this place.
 D = Time resting spent in this place.
 E = Time spent auto-exploring this place.
 F = Levels seen in this place.
 G = Mean time per level.
                   A        B        C        D        E       F      G
               +--------+--------+--------+--------+--------+-----+--------+
         Total |  61369 |  58116 |   3253 |  13338 |  32815 |  40 | 1534.2 |
       Dungeon |  21126 |  19636 |   1490 |   3959 |  11337 |  15 | 1408.4 |
          Lair |   7665 |   7213 |    452 |    639 |   5260 |   6 | 1277.5 |
         Swamp |   5341 |   5106 |    235 |   1269 |   2991 |   4 | 1335.2 |
   Spider Nest |   7854 |   7524 |    330 |   2760 |   3453 |   4 | 1963.5 |
  Orcish Mines |   4002 |   3792 |    210 |   1118 |   1721 |   2 | 2001.0 |
   Elven Halls |   6122 |   5904 |    218 |   1630 |   2949 |   3 | 2040.7 |
        Vaults |   8497 |   8181 |    316 |   1602 |   4838 |   5 | 1699.4 |
      Gauntlet |    760 |    760 |      0 |    360 |    264 |   1 |  760.0 |
               +--------+--------+--------+--------+--------+-----+--------+

Top non-repeatable levels by time:
   Elf:3: 2669 daAuts
Vaults:4: 2645 daAuts
    D:13: 2548 daAuts
Spider:2: 2423 daAuts
Spider:1: 2383 daAuts
   Orc:2: 2199 daAuts
     D:8: 2144 daAuts
Vaults:1: 2140 daAuts
 Swamp:4: 2022 daAuts
     D:3: 1996 daAuts
  Lair:6: 1909 daAuts
Vaults:2: 1856 daAuts
Vaults:3: 1812 daAuts
   Orc:1: 1803 daAuts
   Elf:1: 1753 daAuts
